Map: Dusk Towers

Players

Miszu

  • Race: Terran Terran
  • League: Grandmaster

llllllllllll - Winner!

  • Race: Zerg Zerg
  • League: Master

VOD

Have the link to the VOD?

Description

Time

  • Played on: May 23, 2016, 3:57 p.m.
  • Length: 12:54
Show
View Real Time Build Order
Export as new Build Order

Miszu Terran 

Build Orders: MMM Bio 

Get SALT Encoding   

  12  0:01  SCV  
  13  0:13  SCV  
  14  0:17  Supply Depot  
  14  0:25  SCV  
  15  0:39  SCV  
  15  0:40  Barracks  
  16  0:43  Refinery  
  16  0:51  SCV  
  17  1:03  SCV  
  18  1:15  SCV  
  19  1:27  SCV  
  21  1:34  Reaper  
  21  1:39  Orbital Command  
  21  1:43  Command Center  
  21  1:54  Supply Depot  
  21  2:05  SCV  
  21  2:07  Marine  
  23  2:10  Factory  
  23  2:17  SCV  
  24  2:25  Refinery  
  24  2:29  SCV  
  25  2:31  Barracks Reactor  
  25  2:41  SCV  
  26  2:54  SCV, Orbital Command  
  27  2:59  Starport  
  27  3:02  Widow Mine  
  29  3:06  SCV  
  29  3:07  Marine x2  
  32  3:18  SCV  
  33  3:25  Marine x2  
  35  3:27  SCV  
  35  3:30  SCV  
  38  3:36  Medivac  
  38  3:39  Command Center, SCV  
  39  3:41  Factory Tech Lab  
  39  3:42  SCV  
  39  3:43  Marine  
  39  3:47  Supply Depot  
  41  3:51  SCV  
  41  3:54  SCV  
  43  3:59  Siege Tank  
  43  4:02  Supply Depot  
  46  4:09  SCV x2  
  48  4:12  Liberator  
  48  4:14  Barracks  
  48  4:21  SCV x2  
  48  4:24  Barracks  
  53  4:32  Refinery  
  53  4:33  SCV x2  
  53  4:34  Refinery  
  53  4:45  SCV x2  
  53  4:46  Engineering Bay  
  53  4:47  Engineering Bay  
  53  4:50  Orbital Command  
  55  4:57  SCV  
  57  5:00  SCV  
  57  5:06  Barracks Tech Lab  
  57  5:10  SCV  
  57  5:12  SCV  
  57  5:13  Terran Infantry Weapons Level 1, Barracks Tech Lab  
  57  5:14  Terran Infantry Armor Level 1  
  58  5:22  SCV  
  58  5:25  SCV, Stimpack  
  58  5:26  Starport Reactor, Siege Tank  
  64  5:34  Marine x3, SCV  
  67  5:38  Barracks, SCV  
  67  5:39  Marine, Armory  
  67  5:40  Barracks  
  69  5:46  Supply Depot  
  69  5:47  Supply Depot  
  69  5:52  Marine x2  
  69  5:55  SCV x2  
  73  6:00  Marine x2  
  73  6:03  Medivac  
  77  6:08  Siege Tank, SCV x2  
  77  6:09  Marine x2  
  77  6:10  Orbital Command  
  84  6:12  Supply Depot  
  84  6:15  Combat Shields  
  84  6:16  Supply Depot  
  84  6:18  Marine x2  
  85  6:20  SCV  
  87  6:26  SCV  
  87  6:27  Marine  
  87  6:28  Barracks Reactor x2  
  89  6:35  SCV  
  89  6:36  Marauder, SCV  
  89  6:38  SCV  
  94  6:44  Medivac x2  
  94  6:45  Supply Depot x2  
  98  6:51  Refinery  
  98  6:52  Refinery  
  98  6:56  Marauder  
  98  6:58  Marauder  
  102  7:06  Marine x5  
  102  7:07  Supply Depot, Marine  
  108  7:09  Supply Depot  
  108  7:16  SCV x2  
  108  7:17  SCV  
  108  7:18  Marauder  
  113  7:24  Marine  
  113  7:25  Marine x4, Marauder  
  113  7:28  SCV  
  113  7:29  SCV x2  
  123  7:31  Terran Infantry Weapons Level 2  
  123  7:32  Marine  
  123  7:33  Medivac, Siege Tank  
  123  7:36  Supply Depot  
  129  7:39  Supply Depot, Marauder  
  129  7:40  Concussive Shells  
  129  7:42  Marine  
  132  7:44  Terran Infantry Armor Level 2  
  132  7:55  Command Center  
  132  7:57  Marine  
  132  7:58  Marine, Marauder  
  136  8:09  Marauder  
  136  8:10  Marine  
  136  8:11  Marine  
  137  8:18  Marine x4  
  137  8:19  Marauder, Medivac x2, Siege Tank  
  144  8:28  Marine x2  
  144  8:31  Marauder  
  118  8:36  Marine x4  
  118  8:40  Marauder  
  115  8:52  Marine x2, Siege Tank  
  115  8:53  Marine, Medivac x2, Marauder  
  127  9:02  Marauder  
  129  9:08  Marine  
  130  9:10  Marine  
  130  9:11  Marine x4  
  130  9:13  Liberator x2  
  130  9:14  Marauder  
  130  9:15  Barracks  
  130  9:16  Barracks  
  137  9:18  Barracks  
  137  9:23  Marauder  
  139  9:25  Marine  
  139  9:28  Marine  
  139  9:29  Marine x2  
  149  9:42  Marine x2  
  149  9:43  Siege Tank  
  154  9:47  Ghost Academy  
  154  9:54  Terran Infantry Weapons Level 3  
  154  9:55  Planetary Fortress  
  154  9:56  Liberator  
  154  9:58  Refinery  
  154  9:59  Refinery  
  154  10:04  Sensor Tower, Liberator  
  154  10:09  Barracks Tech Lab x3, Marauder  
  159  10:17  Supply Depot  
  159  10:18  Supply Depot, Missile Turret  
  154  10:29  Ghost  
  154  10:30  Ghost  
  154  10:33  Cyclone  
  162  10:49  Marine, Marauder  
  165  10:50  Marine x6  
  165  10:51  Ghost  
  165  10:56  Supply Depot  
  173  10:58  Supply Depot, Ghost  
  174  11:07  Marine, Marauder, Ghost  
  174  11:10  Ghost  
  175  11:24  Ghost  
  175  11:26  Ghost  
  175  11:32  Ghost  
  173  11:33  Liberator x2  
  173  11:34  Marine  
  173  11:37  Marauder  
  178  11:40  Ghost  
  180  11:52  Ghost  
  188  12:04  Command Center  
  186  12:23  Starport  
Show
View Real Time Build Order
Export as new Build Order

llllllllllll Zerg - Winner!

Build Orders: Hatch First 

Get SALT Encoding   

  12  0:01  Drone  
  13  0:12  Overlord  
  13  0:17  Drone  
  14  0:33  Drone x2  
  16  0:36  Drone  
  17  0:54  Hatchery  
  17  0:56  Drone  
  17  1:09  Drone  
  18  1:12  Extractor  
  18  1:17  Spawning Pool  
  18  1:18  Drone  
  17  1:25  Overlord  
  17  1:32  Drone  
  18  1:50  Drone  
  19  2:04  Queen  
  19  2:05  Queen  
  19  2:06  Zergling x6  
  26  2:11  Drone  
  27  2:17  Drone  
  27  2:18  Metabolic Boost  
  29  2:22  Drone  
  29  2:29  Drone  
  30  2:32  Drone  
  31  2:42  Drone  
  32  2:44  Queen  
  32  2:47  Drone  
  35  2:51  Overlord  
  35  2:54  Overlord  
  35  3:16  Drone x6  
  35  3:17  Drone x2  
  43  3:30  Overlord  
  43  3:31  Drone  
  43  3:32  Drone x2  
  47  3:34  Drone  
  47  3:39  Extractor  
  47  3:41  Extractor  
  45  3:42  Roach Warren  
  44  3:51  Hatchery  
  43  3:57  Lair  
  43  4:00  Spore Crawler  
  43  4:01  Drone x3  
  45  4:06  Zergling x6  
  48  4:13  Drone  
  48  4:14  Drone x2  
  51  4:19  Drone  
  52  4:30  Overlord x2  
  52  4:48  Queen  
  52  4:50  Evolution Chamber  
  52  4:51  Drone x8  
  52  4:52  Evolution Chamber  
  60  4:55  Glial Reconstitution  
  60  5:00  Roach x2  
  60  5:03  Roach  
  63  5:17  Drone x7  
  66  5:23  Ravager  
  66  5:24  Ravager x2  
  66  5:27  Zerg Missile Weapons Level 1, Zerg Ground Armor Level 1  
  69  5:35  Overlord  
  69  5:37  Drone  
  69  5:38  Drone x4  
  69  5:41  Extractor  
  73  5:48  Overlord x2  
  73  5:49  Overlord x2  
  73  5:53  Overseer  
  73  5:57  Drone  
  73  5:58  Drone x4  
  73  6:01  Drone x2  
  79  6:07  Drone  
  79  6:08  Drone  
  80  6:12  Drone  
  80  6:13  Drone x3  
  84  6:19  Drone x2  
  84  6:20  Overlord  
  84  6:21  Extractor x2  
  84  6:24  Drone x2  
  84  6:25  Infestation Pit  
  85  6:32  Roach x2  
  91  6:33  Roach x3  
  91  6:38  Drone  
  96  6:49  Hatchery  
  96  6:50  Roach x6  
  107  6:56  Overlord  
  107  6:58  Overlord  
  107  7:00  Zergling x2  
  108  7:06  Infestor x2  
  112  7:10  Overlord  
  112  7:11  Overlord x2  
  112  7:21  Zerg Ground Armor Level 2, Zerg Missile Weapons Level 2  
  112  7:23  Roach x4  
  112  7:24  Roach x3  
  112  7:28  Overlord x2  
  126  7:36  Overlord x2  
  126  7:39  Roach x2  
  126  7:40  Roach x3  
  126  7:41  Ravager x3  
  138  7:48  Roach x2  
  138  7:49  Roach x2  
  146  7:53  Ravager  
  147  8:07  Roach x6  
  147  8:08  Roach x5  
  147  8:10  Zergling x4  
  170  8:17  Ravager x2  
  168  8:30  Hive, Zergling x16  
  168  8:31  Zergling x4  
  168  8:33  Drone x5  
  164  8:41  Overlord  
  164  8:44  Drone x4  
  158  8:49  Drone  
  158  8:51  Overseer  
  159  8:57  Drone x2  
  159  8:58  Drone x4  
  166  9:02  Ravager  
  166  9:04  Ravager x2  
  168  9:10  Zergling x14  
  168  9:11  Queen  
  168  9:14  Extractor  
  168  9:17  Extractor  
  175  9:22  Hatchery  
  175  9:23  Ravager  
  175  9:26  Zergling x8  
  179  9:31  Zergling x6  
  179  9:32  Zergling x2  
  179  9:37  Zerg Melee Weapons Level 1  
  184  9:40  Pathogen Glands  
  184  9:46  Spire  
  183  9:57  Adrenal Glands  
  183  9:58  Zergling x2, Zerg Ground Armor Level 3  
  183  9:59  Ultralisk Cavern  
  183  10:01  Overlord x2  
  183  10:02  Overlord, Hatchery  
  182  10:14  Overseer  
  179  10:53  Chitinous Plating  
  179  10:55  Ultralisk x3  
  193  11:04  Ultralisk  
  199  11:16  Extractor  
  196  11:20  Extractor  
  196  11:24  Ultralisk x2  
  193  11:32  Ultralisk  
  198  11:40  Drone  
  199  11:59  Baneling Nest  
  198  12:03  Drone  
Tags
 
Add a new tag
Caveats
  • Supply blocks, unpowered buildings, or Contaminate may cause inaccurate times.
  • Supply counts are checked every 10 seconds.